AoeStats
← YO MAMA

Arabia

510724658Analyzed
1v1 RM · 15h ago on Oct 2, 2026· 52m 34s· 2 players
Game mode
Random Map
Map size
Tiny (2 player)
Population
200
Speed
Normal
Resources
Standard
Victory
Conquest
Starting age
Dark Age
Ending age
Imperial Age
RankedLock teamsTeams togetherTeam positionsShared explorationLock speedFull tech treeHidden civsTurbo modeCheats
Victory
Defeat
🇨🇿 Burgundians · Czechia
1436
+16
🇲🇽 Shu · Mexico
1435
-16
VZ | YURIEL
6:11 Loom
9:14 Feudal Age
11:15 Double-Bit Axe
14:12 Fletching
20:42 Castle Age
19:28 Gold Mining
21:19 Bodkin Arrow
20:45 Crossbowman
26:42 Wheelbarrow
26:24 Scale Mail Armor
27:51 Horse Collar
30:34 Chain Mail Armor
30:49 Squires
36:23 Imperial Age
36:41 Thumb Ring
37:06 Bracer
36:27 Arbalester
39:12 Plate Mail Armor
39:25 Forging
40:16 Ballistics
40:56 Chemistry
40:33 Elite White Feather Guard
44:50 Bolt Magazine
45:58 Padded Archer Armor
46:09 Murder Holes
46:26 Fortified Wall
47:50 Coiled Serpent Array
YO MAMA
7:29 Loom
9:59 Feudal Age
8:27 Double-Bit Axe
10:45 Horse Collar
18:15 Bow Saw
20:15 Castle Age
18:35 Gold Mining
19:30 Fletching
19:41 Padded Archer Armor
20:19 Cavalier
20:43 Elite Skirmisher
21:24 Bodkin Arrow
22:11 Leather Archer Armor
28:53 Scale Barding Armor
31:14 Fervor
31:53 Wheelbarrow
31:06 Town Watch
36:36 Imperial Age
35:06 Hand Cart
35:13 Chain Barding Armor
35:04 Forging
37:04 Heavy Plow
37:15 Bow Saw
37:43 Gold Shaft Mining
37:06 Stone Mining
38:05 Iron Casting
37:58 Ballistics
37:39 Bracer
37:05 Paladin
37:46 Husbandry
39:03 Plate Barding Armor
39:33 Chemistry
42:37 Masonry
43:38 Stone Shaft Mining
43:38 Sanctity
43:09 Light Cavalry
44:52 Burgundian Vineyards
45:08 Conscription
45:26 Hoardings
45:28 Architecture
46:03 Town Patrol
47:13 Murder Holes
47:42 Bombard Tower
52:36 Blast Furnace
51:36 Scale Mail Armor
Connection lost

Rejoining the realm…

Still unreachable

The connection could not be restored.

Session expired

The server has moved on; the page needs a fresh start.